 Dungeon Crawl Stone Soup version 0.31.0-32-g396128a36d (webtiles) character file.

Game seed: 667291275082828953

1527228 LordWeiramon the Slayer (level 27, 179/179 HPs)
             Began as a Kobold Alchemist on Mar 17, 2024.
             Was the Champion of Ashenzari.
             Escaped with the Orb
             ... and 3 runes on Mar 18, 2024!
             The game lasted 05:33:29 (83683 turns).

LordWeiramon the Slayer (Kobold Alchemist)         Turns: 83683, Time: 05:33:29

Health: 179/179    AC: 29    Str: 13    XL:     27
Magic:  37/37      EV: 51    Int: 17    God:    Ashenzari [******]
Gold:   2535       SH: 22    Dex: 34    Spells: 32/47 levels left

rFire   + + .        a - +9 rapier "Shattered Loss" {heavy, Bglg, Melee} (curse)
rCold   + + +        M - +5 kite shield "Cursed Together" {AC+3, Cun, Bglg} (curse)
rNeg    + + .        b - +2 leather armour "Scepticism of Ashenzari" {rF+, Sorc, Cun} (curse)
rPois   +            U - +2 helmet of the Ensconced Vexation {rPois SInv, Cun, Bglg} (curse)
rElec   .            d - +1 cloak of the Restrained Seer {rF+ rN+, Fort, Comp} (curse)
rCorr   .            F - +4 pair of gloves of Ouranomancy {rC++ Str+2 Dex-3, Fort, Elem} (curse)
SInv    +            A - +2 pair of boots of the Cursed Stars {Stlth+, Elem, Cun} (curse)
Will    +++++        p - amulet of the Four Winds {rN+ Will+++ Clar, Melee, Cun} (curse)
Stlth   ++++         n - ring of Ouranomancy {Dex+6, Bglg, Melee} (curse)
HPRegen 0.49/turn    g - ring "Shattered Together" {rC+ Str+2 Dex+6, Self, Fort} (curse)
MPRegen 0.25/turn

%: clarity
@: studying 5 skills
A: small, no large weapons, nightstalker 3, deterioration 1, frail 1, mutation
resistance 1, wild magic 1
0: Orb of Zot
}: 3/15 runes: barnacled, silver, gossamer
a: Renounce Religion, Shatter the Chains


You escaped.
You worshipped Ashenzari.
Ashenzari was exalted by your worship.
You visited 10 branches of the dungeon, and saw 48 of its levels.
You visited 4 bazaars.
You also visited: Ice Cave.

You collected 7262 gold pieces.
You spent 4727 gold pieces at shops.

Inventory:

Hand Weapons
 a - the cursed +9 rapier "Shattered Loss" (weapon) {heavy, Bglg, Melee}
   (You took it off a merfolk aquamancer on level 4 of the Shoals)

   It has a curse which improves the following skills: Beguiling: Hexes and
   Translocations.
   Melee Combat: Short Blades, Long Blades, Axes, Maces & Flails, Polearms,
   Staves and Unarmed Combat.
Missiles
 k - 89 poisoned darts (quivered)
 v - 3 throwing nets
 E - 11 curare-tipped darts
Armour
 b - the cursed +2 leather armour "Scepticism of Ashenzari" (worn) {rF+, Sorc, Cun}
   (You took it off a merfolk impaler on level 2 of the Shoals)

   It has a curse which improves the following skills: Sorcery: Conjurations and
   Alchemy.
   Cunning:   Dodging and Stealth.
 d - the cursed +1 cloak of the Restrained Seer (worn) {rF+ rN+, Fort, Comp}
   (You bought it in a shop on level 3 of the Shoals)

   rF+:       It protects you from fire.
   rN+:       It protects you from negative energy.
   It has a curse which improves the following skills: Fortitude: Armour and
   Shields.
   Companions: Summonings and Necromancy.
 A - the cursed +2 pair of boots of the Cursed Stars (worn) {Stlth+, Elem, Cun}
   (You acquired it on level 13 of the Dungeon)

   It has a curse which improves the following skills: Elements: Fire Magic, Ice
   Magic, Air Magic and Earth Magic.
   Cunning:   Dodging and Stealth.
 F - the cursed +4 pair of gloves of Ouranomancy (worn) {rC++ Str+2 Dex-3, Fort, Elem}
   (You acquired it on level 2 of the Elven Halls)

   Str+2:     It affects your strength (+2).
   Dex-3:     It affects your dexterity (-3).
   rC++:      It greatly protects you from cold.
   It has a curse which improves the following skills: Fortitude: Armour and
   Shields.
   Elements:  Fire Magic, Ice Magic, Air Magic and Earth Magic.
 M - the cursed +5 kite shield "Cursed Together" (worn) {AC+3, Cun, Bglg}
   (You took it off a vault warden on level 4 of the Vaults)

   It has a curse which improves the following skills: Cunning: Dodging and
   Stealth.
   Beguiling: Hexes and Translocations.
 U - the cursed +2 helmet of the Ensconced Vexation (worn) {rPois SInv, Cun, Bglg}
   (You bought it in a shop in a bazaar)

   rPois:     It protects you from poison SInv: It lets you see invisible.
   It has a curse which improves the following skills: Cunning: Dodging and
   Stealth.
   Beguiling: Hexes and Translocations.
 Z - the +2 helmet "Qemo" {rN+ Str+3 Int+3}
   (You bought it in a shop in a bazaar)

   Str+3:     It affects your strength (+3).
   Int+3:     It affects your intelligence (+3).
   rN+:       It protects you from negative energy.
Jewellery
 g - the cursed ring "Shattered Together" (right hand) {rC+ Str+2 Dex+6, Self, Fort}
   (You found it on level 5 of the Vaults)

   [ring of dexterity]

   Str+2:     It affects your strength (+2).
   Dex+6:     It affects your dexterity (+6).
   rC+:       It protects you from cold.
   It has a curse which improves the following skills: Introspection: Fighting
   and Spellcasting.
   Fortitude: Armour and Shields.
 n - the cursed ring of Ouranomancy (left hand) {Dex+6, Bglg, Melee}
   (You took it off a merfolk on level 4 of the Shoals)

   [ring of dexterity]

   Dex+6:     It affects your dexterity (+6).
   It has a curse which improves the following skills: Beguiling: Hexes and
   Translocations.
   Melee Combat: Short Blades, Long Blades, Axes, Maces & Flails, Polearms,
   Staves and Unarmed Combat.
 p - the cursed amulet of the Four Winds (around neck) {rN+ Will+++ Clar, Melee, Cun}
   (You found it on level 6 of the Dungeon)

   [amulet of nothing]

   rN+:       It protects you from negative energy.
   Will+++:   It greatly increases your willpower.
   Clar:      It protects you from confusion, rage, mesmerisation and fear.
   It has a curse which improves the following skills: Melee Combat: Short
   Blades, Long Blades, Axes, Maces & Flails, Polearms, Staves and Unarmed
   Combat.
   Cunning:   Dodging and Stealth.
 V - a ring of protection from fire
 Y - a ring of resist corrosion
Wands
 u - a wand of mindburst (49)
 y - a wand of roots (23)
 z - a wand of flame (152)
 J - a wand of acid (39)
 K - a wand of charming (49)
 S - a wand of digging (7)
Scrolls
 c - 7 scrolls of poison
 h - 4 scrolls of revelation
 j - 7 scrolls of enchant armour
 l - 7 scrolls of fog
 m - 8 scrolls of blinking
 q - 24 scrolls of teleportation
 w - 7 scrolls of vulnerability
 Q - 13 scrolls of fear
 X - 3 scrolls of silence
Potions
 e - 8 potions of enlightenment
 f - 3 potions of invisibility
 i - 10 potions of lignification
 o - 6 potions of magic
 r - 9 potions of brilliance
 s - 8 potions of mutation
 t - 23 potions of curing
 x - 7 potions of ambrosia
 B - 8 potions of haste
 H - 7 potions of might
 I - 11 potions of attraction
 N - 10 potions of heal wounds
 P - 3 potions of resistance
 R - a potion of berserk rage
 W - a potion of cancellation
Miscellaneous
 C - a lightning rod (4/4)
 D - a phantom mirror
 G - a phial of floods
 L - a sack of spiders
 T - a tin of tremorstones (2/2)


   Skills:
 - Level 25.0(27) Fighting
 - Level 23.1(27) Short Blades
 - Level 5.0 Throwing
 + Level 21.3(25.7) Armour
 - Level 21.2(27) Dodging
 - Level 20.9(27) Stealth
 - Level 8.8(13.5) Shields
 - Level 8.3(10.8) Spellcasting
 - Level 1.0(2.4) Conjurations
 - Level 9.0(14.6) Hexes
 - Level 9.0(12.6) Air Magic
 - Level 3.0(5.1) Alchemy
 - Level 15.0 Evocations


You had 32 spell levels left.
You knew the following spells:

 Your Spells              Type           Power      Damage    Failure   Level
a - Sting                 Conj/Alch      100%       1d9       6%          1
b - Mercury Vapours       Alch/Air       100%       N/A       1%          2
c - Confusing Touch       Hex            67%        N/A       1%          3
d - Cause Fear            Hex            33%        N/A       1%          4
s - Silence               Hex/Air        32%        N/A       3%          5

Your spell library contained the following spells:

 Spells                   Type           Power      Damage    Failure   Level
 Shock                    Conj/Air       100%       1d9       1%          1
 Slow                     Hex            100%       N/A       1%          1
 Jinxbite                 Hex            100%       N/A       1%          2
 Sigil of Binding         Hex            67%        N/A       1%          3
 Tukima's Dance           Hex            67%        N/A       1%          3
 Ensorcelled Hibernation  Hex/Ice        90%        N/A       2%          2
 Static Discharge         Conj/Air       90%        3-7/arc   2%          2
 Airstrike                Air            30%        2d(5-21)  2%          4
 Cigotuvi's Dreadful Rot  Necr/Alch/Air  76%        N/A       4%          2
 Mephitic Cloud           Conj/Alch/Air  41%        N/A       5%          3
 Magic Dart               Conj           88%        1d7       11%         1
 Dimensional Bullseye     Hex/Tloc       23%        N/A       12%         4
 Anguish                  Hex/Necr       22%        N/A       13%         4
 Yara's Violent Unravell  Hex/Alch       26%        3d11      13%         5
 Foxfire                  Conj/Fire      72%        2x1d7     14%         1
 Apportation              Tloc           30%        N/A       17%         1
 Summon Lightning Spire   Summ/Air       40%        N/A       17%         4
 Freeze                   Ice            56%        1d7       21%         1
 Necrotise                Necr           52%        1d6       22%         1
 Blink                    Tloc           30%        N/A       26%         2
 Scorch                   Fire           28%        2d6       30%         2
 Olgreb's Toxic Radiance  Alch           34%        N/A       30%         4
 Metabolic Englaciation   Hex/Ice        22%        N/A       30%         5
 Summon Mana Viper        Hex/Summ       45%        N/A       30%         5
 Call Imp                 Summ           26%        N/A       32%         2
 Sublimation of Blood     Necr           13%        N/A       32%         2
 Hailstorm                Conj/Ice       18%        3d7       38%         3
 Gell's Gravitas          Tloc           15%        N/A       45%         3
 Enfeeble                 Hex            33%        N/A       45%         7
 Frozen Ramparts          Ice            28%        1d5       50%         3
 Ozocubu's Armour         Ice            14%        N/A       50%         3
 Summon Ice Beast         Ice/Summ       13%        N/A       50%         3
 Call Canine Familiar     Summ           13%        N/A       52%         3
 Vampiric Draining        Necr           13%        2d6       52%         3
 Leda's Liquefaction      Alch/Erth      12%        N/A       58%         4
 Petrify                  Alch/Erth      24%        N/A       58%         4
 Sticky Flame             Fire/Alch      24%        2d6       58%         4
 Alistair's Intoxication  Alch           22%        N/A       61%         5
 Freezing Cloud           Conj/Ice/Air   17%        6-21      61%         5
 Iskenderun's Mystic Bla  Conj/Tloc      19%        2d6       73%         4
 Brom's Barrelling Bould  Conj/Erth      18%        2d4       77%         4
 Flame Wave               Conj/Fire      18%        2d7       77%         4
 Irradiate                Conj/Alch      14%        3d16      78%         5
 Passage of Golubria      Tloc           15%        N/A       83%         4
 Conjure Ball Lightning   Conj/Air       22%        3x3d6     83%         6
 Animate Armour           Summ/Erth      26%        N/A       88%         4
 Dispel Undead            Necr           13%        3d9       88%         4
 Martyr's Knell           Necr/Summ      13%        N/A       88%         4
 Summon Blazeheart Golem  Fire/Summ      13%        N/A       88%         4
 Iskenderun's Battlesphe  Conj           22%        2d8       92%         5
 Plasma Beam              Fire/Air       20%        2x1d32    92%         6
 Fireball                 Conj/Fire      9%         3d6       97%         5
 Curse of Agony           Necr           13%        N/A       99%         5
 Lee's Rapid Deconstruct  Erth           7%         3d6*      99%         5
 Summon Forest            Summ/Tloc      7%         N/A       99%         5
 Bombard                  Conj/Erth      9%         9d2       100%        6
 Death Channel            Necr           6%         N/A       100%        6
 Sculpt Simulacrum        Ice/Alch       12%        N/A       100%        6
 Starburst                Conj/Fire      9%         6d5       100%        6
 Summon Cactus Giant      Summ           6%         N/A       100%        6
 Haunt                    Necr/Summ      6%         N/A       100%        7
 Malign Gateway           Summ/Tloc      7%         N/A       100%        7
 Monstrous Menagerie      Summ           6%         N/A       100%        7
 Orb of Destruction       Conj           11%        9d6       100%        7
 Ozocubu's Refrigeration  Ice            7%         4d9       100%        7
 Spellforged Servitor     Conj/Summ      8%         N/A       100%        7
 Lehudib's Crystal Spear  Conj/Erth      9%         10d4      100%        8
 Chain Lightning          Conj/Air       22%        3d30      100%        9
 Dragon's Call            Summ           6%         N/A       100%        9
 Fire Storm               Conj/Fire      9%         8d2       100%        9
 Polar Vortex             Ice            7%         N/A       100%        9


Dungeon Overview and Level Annotations

Branches:
Dungeon (15/15)            Temple (1/1) D:4            Lair (5/5) D:10
 Shoals (4/4) Lair:2       Spider (4/4) Lair:2        Slime (0/5) Lair:5
    Orc (2/2) D:10            Elf (3/3) Orc:2        Vaults (5/5) D:13
  Crypt (0/3) Vaults:2     Depths (4/4) D:15            Zot (5/5) Depths:4
  IceCv (visited)

Altars:
Ashenzari
Cheibriados
Dithmenos
Elyvilon
Fedhas
Gozag
Hepliaklqana
Kikubaaqudgha
Makhleb
Nemelex Xobeh
Okawaru
Qazlal
Ru
Sif Muna
Trog
Uskayaw
Vehumet
Wu Jian
Xom
Yredelemnul
Zin
The Shining One

Shops:
D:3 (   D:10 (   Orc:2 =([[   Elf:1 (   Elf:3 [   Shoals:3 [   Vaults:1 :
Vaults:3 (   Vaults:4 [   Depths:1 :=:   Depths:4 :[!

Portals:
Hell: Lair:5 Depths:1 Depths:2 Depths:3 Depths:4
Abyss: Depths:2 Depths:3 Depths:4
Pandemonium: Depths:2 Depths:4
Ziggurat: Depths:3
Trove: Vaults:3 (give 2 scrolls of acquirement)


Innate Abilities, Weirdness & Mutations

You are small and have problems with some larger weapons.
You are completely attuned to the shadows.
Your body sometimes deteriorates upon taking damage.
You are frail. (-10% HP)
You are somewhat resistant to further mutation.
Your spells are a little harder to cast, but a little more powerful.


Message History

There is a stone staircase leading up here.
You climb upwards.
There is a stone staircase leading down here.
There is a stone staircase leading up here.
You climb upwards.
There is a stone staircase leading down, spattered with blood here.
There is a stone staircase leading up, spattered with blood here.
You climb upwards.
There is a stone staircase leading down, spattered with blood here.
There is a stone staircase leading up here.
You climb upwards.
There is a stone staircase leading down here.
There is a stone staircase leading up here.
You climb upwards.
There is a stone staircase leading down here.
There is a stone staircase leading up here.
You sense a monster nearby.
You climb upwards.
There is a stone staircase leading down, spattered with blood here.
You see here a +0 club.
Things that are here:
a +0 leather armour; a +0 whip
There is a stone staircase leading up here.
You climb upwards.
There is a stone staircase leading down here.
There is a stone staircase leading up here.
You climb upwards.
There is a stone staircase leading down here.
Things that are here:
a +1 hand axe of venom; an orc skeleton You sense a monster nearby.
There is a stone staircase leading up here.
You climb upwards.
There is a stone staircase leading down here.
You see here a +0 robe.
You see here a +0 dagger.
There is an open door here.
There is an open door here.
There is a staircase leading out of the dungeon here.
You have escaped!

.[......'.....'.......# ###..###
........#..####.......######..)..
..#######'## ####'#####.......##
#.# ###...### #.# #.....)...
..####.......### #.#####..)...##.
.###...........###.#...+......##.
.##.....#'#.....##.#.###......##.
......###~###....#.......#.......
#...###.~≈~.###.@#.#.###.#.......
#..##..~~~≈~..##.#.#.###.#.......
####>~≈≈≈≈≈~~~>###........#......
############# #.##.....#.###.#
#........#.#.#.#
#########....#.#.#
#.........>.......
#.................
#.................


There were no monsters in sight!

Vanquished Creatures
  3 dread liches
  7 ancient liches
  7 orbs of fire
  Mennas (Vaults:4)
  The ghost of Toelubet the Slayer, a veteran CeHu of Okawaru (Zot:5)
  Xtahua (Vaults:5)
  Sojobo (Vaults:5)
  Josephina (Depths:2)
  2 curse toes (Zot:5)
  8 Killer Klowns
  6 golden dragons
  Norris (Depths:2)
  Nikola (Depths:1)
  The ghost of brilapsti the Wrestler, an adept TrFi of Trog (Elf:3)
  2 bone dragons
  3 electric golems
  Jorgrun (Shoals:1)
  2 walking crystal tomes
  Zenata (Vaults:4)
  25 Orb Guardians (Zot:5)
  4 deep elf master archers (Elf:3)
  5 titans
  17 tentacled monstrosities
  A lich (Depths:4)
  2 deep elf blademasters (Elf:3)
  9 quicksilver dragons
  15 death cobs
  6 sphinxes
  A kraken (Shoals:2)
  20 storm dragons
  10 shadow dragons
  7 tengu reavers
  2 draconian knights
  Aizul (Vaults:2)
  2 draconian monks
  12 fire giants
  2 protean progenitors (Zot:2)
  7 draconian shifters
  4 iron dragons
  12 frost giants
  7 draconian scorchers
  28 vault wardens
  3 emperor scorpions
  7 deep elf sorcerers (Elf:3)
  12 ghost moths
  The ghost of burt the Thaumaturge, a journeyman DrCj of Vehumet (Orc:1)
  2 deep elf elementalists (Elf:3)
  5 draconian stormcallers
  A reaper (Depths:4)
  17 ironbound preservers
  3 orc warlords
  3 formless jellyfish
  14 stone giants
  7 draconian annihilators
  A spriggan defender (Depths:4)
  6 ironbound thunderhulks
  A juggernaut skeleton (Depths:2)
  12 very ugly things
  The ghost of Heezod the Fighter, a journeyman MiBe of Trog (Shoals:2)
  3 deep elf demonologists (Elf:3)
  7 black draconians
  6 deep elf death magi
  4 broodmothers
  2 vampire knights (Depths:3)
  6 green draconians
  8 white draconians
  9 purple draconians
  12 deep elf annihilators
  6 yellow draconians
  4 dire elephants
  10 spark wasps
  Snorg (D:10)
  2 war gargoyles
  12 red draconians
  A blizzard demon (Depths:4)
  6 merfolk javelineers (Shoals:4)
  4 fire dragons
  23 yaktaur captains
  15 ettins
  11 merfolk impalers
  5 crystal guardians
  6 deep elf high priests
  3 entropy weavers
  7 rakshasas
  4 ice dragons
  5 great orbs of eyes
  5 peacekeepers
  32 vault guards
  9 ogre magi
  3 jorogumos
  5 hydras
  9 ironbound frosthearts
  14 centaur warriors
  5 spriggan air magi
  A sphinx zombie (Depths:2)
  2 radroaches
  3 satyrs
  7 boulder beetles
  30 two-headed ogres
  Erica (D:9)
  2 alligator snapping turtles
  2 merfolk avatars (Shoals:1)
  2 catoblepae
  3 merfolk aquamancers
  12 deep troll earth magi
  30 dancing weapons
  11 deep troll shamans
  A tengu warrior (Depths:2)
  3 occultists
  A vampire mage (Depths:2)
  A hell hog (Depths:2)
  23 death yaks
  5 demonic crawlers
  3 hell knights
  3 orc high priests
  5 spriggan berserkers
  12 deep elf knights
  A soul eater (Depths:2)
  12 skysharks
  A skyshark (shapeshifter) (Vaults:2)
  3 sun demons
  2 sixfirhies
  11 iron trolls
  2 goliath frogs (Zot:2)
  10 orb spiders
  5 pharaoh ants
  A sea snake (shapeshifter) (Vaults:5)
  A glowing orange brain (shapeshifter) (Vaults:4)
  11 sea snakes
  49 deep trolls
  5 arcanists
  8 large abominations (Depths:3)
  9 deep elf archers
  11 ironbound convokers
  15 lindwurms
  4 glowing orange brains
  5 sun moths
  5 phantasmal warriors (Vaults:5)
  A flayed ghost (Vaults:5)
  4 steelbarb worms
  5 orc knights
  A golden dragon skeleton (Depths:2)
  A sphinx simulacrum (Depths:2)
  2 orc sorcerers
  2 harpies (shapeshifter)
  22 harpies
  17 ugly things
  3 necromancers
  35 deep elf pyromancers
  18 wolf spiders
  30 deep elf zephyrmancers
  16 fauns
  11 manticores
  An ice statue (IceCv)
  35 moths of wrath
  7 cyclopes
  Maurice (D:7)
  9 black mambas
  4 meliai
  A kobold blastminer (Orc:2)
  12 merfolk sirens
  2 smoke demons
  12 torpor snails
  4 orange demons
  15 cane toads
  Joseph (D:8)
  19 vault sentinels
  3 gargoyles
  Maggie (D:8)
  12 water nymphs
  17 komodo dragons
  8 rime drakes
  A freezing wraith (Vaults:5)
  3 unseen horrors
  3 efreet (D:15)
  35 yaktaurs
  4 kobold demonologists
  3 ice devils
  A troll (shapeshifter) (Elf:2)
  2 red devils (Lair:5)
  12 polar bears
  A golden dragon simulacrum (Depths:2)
  17 merfolk
  11 wind drakes
  A polar bear (shapeshifter) (Elf:2)
  7 trolls
  A shadow dragon simulacrum (Depths:2)
  A tengu simulacrum (Depths:2)
  8 dream sheep
  3 glass eyes
  5 hornets (Depths:4)
  19 tarantellas
  10 snapping turtles
  A fire giant simulacrum (Depths:2)
  12 blink frogs
  A blink frog (shapeshifter) (D:15)
  24 culicivoras
  23 slime creatures
  5 spriggans (Depths:4)
  9 air elementals
  22 jumping spiders
  A shadow (D:10)
  8 wyverns
  2 small abominations (Depths:3)
  97 yaks
  A yak (shapeshifter) (D:15)
  A spriggan (shapeshifter) (Elf:2)
  A vampire (D:11)
  2 fire elementals
  29 water elementals
  A wraith (D:12)
  Grum (D:7)
  8 vampire mosquitoes
  6 wargs
  3 basilisks
  57 redbacks
  A steam dragon (D:6)
  2 chaos spawn (Depths:3)
  2 acid dragons
  8 water moccasins
  4 hell hounds (Lair:5)
  36 orc warriors
  A sky beast (D:7)
  4 ice beasts
  2 black bears
  A laughing skull (D:15)
  32 ogres
  A boggart (Vaults:4)
  42 wolves
  13 centaurs
  A phantom (D:4)
  4 kobold brigands
  11 bullfrogs
  A gnoll sergeant (D:10)
  3 scorpions
  A scorpion (shapeshifter) (Spider:3)
  An earth elemental (Elf:1)
  13 wights
  23 killer bees
  6 howler monkeys (D:10)
  An electric eel (Lair:5)
  A bombardier beetle (D:3)
  4 gnoll boudas
  A hound (D:4)
  34 orc priests
  3 jellies
  5 iguanas
  21 orc wizards
  A sleepcap (D:7)
  6 hell rats (Lair:3)
  20 gnolls
  4 adders
  A shadow imp (D:7)
  2 white imps
  2 ufetubi (D:4)
  9 dart slugs
  2 ribbon worms
  86 orcs
  5 ball pythons
  7 bats
  8 endoplasms
  6 giant cockroaches
  9 goblins
  6 hobgoblins
  5 jackals (D:2)
  17 kobolds
  A quokka (D:4)
  7 frilled lizards
  4 rats
2229 creatures vanquished.

Vanquished Creatures (collateral kills)
  A death yak (IceCv)
  An orb spider (Spider:3)
2 creatures vanquished.

Vanquished Creatures (others)
  A centaur warrior (D:14)
  An ironbound convoker (Vaults:2)
  A deep elf archer (Elf:3)
  A polar bear (IceCv)
  A culicivora (Spider:4)
  A slime creature (Vaults:2)
  2 wargs (Orc:1)
  A vampire mosquito (D:11)
  A centaur (D:14)
  A small abomination (Depths:3)
11 creatures vanquished.

Grand Total: 2242 creatures vanquished

Notes
Turn   | Place    | Note
-------+----------+-------------------------------------------
     0 | D:1      | LordWeiramon the Kobold Alchemist began the quest for the
                  | Orb.
     0 | D:1      | Reached XP level 1. HP: 10/10 MP: 3/3
   104 | D:1      | Found a faded altar of an unknown god.
   238 | D:1      | Reached skill level 1 in Short Blades
   330 | D:1      | Reached XP level 2. HP: 15/15 MP: 3/5
   333 | D:1      | Learned a level 2 spell: Mercury Vapours
   704 | D:1      | Reached skill level 1 in Fighting
   916 | D:1      | Reached XP level 3. HP: 20/20 MP: 4/6
  1454 | D:2      | Reached XP level 4. HP: 22/25 MP: 1/7
  1550 | D:2      | Found a blossoming altar of Fedhas.
  2175 | D:3      | Reached skill level 5 in Short Blades
  2175 | D:3      | Reached XP level 5. HP: 29/29 MP: 3/8
  2945 | D:3      | Reached skill level 2 in Fighting
  3026 | D:3      | Found Riputuze's Antique Weapon Boutique.
  3031 | D:3      | Reached XP level 6. HP: 23/36 MP: 4/9
  3337 | D:3      | Reached skill level 3 in Fighting
  3963 | D:4      | Found a staircase to the Ecumenical Temple.
  3969 | Temple   | Entered the Ecumenical Temple
  3974 | Temple   | Noticed a Hell Sentinel
  3974 | Temple   | Noticed a shadow demon
  3974 | Temple   | Noticed an Ice Fiend
  3974 | Temple   | Noticed an Executioner
  3974 | Temple   | Noticed Arass the pandemonium lord
  3976 | Temple   | Noticed Fuiniog the pandemonium lord
  3976 | Temple   | Noticed a green death
  3976 | Temple   | Noticed an Executioner
  3986 | Temple   | Became a worshipper of Ashenzari the Shackled
  4575 | D:4      | Reached skill level 5 in Dodging
  4644 | D:4      | Reached XP level 7. HP: 18/41 MP: 10/10
  5002 | D:4      | Identified the +5 orcbow "Kiaptoly" {freeze, rElec rF+
                  | Int+2}
  5168 | D:5      | Entered Level 5 of the Dungeon
  5267 | D:5      | Reached skill level 5 in Stealth
  5876 | D:5      | Reached * piety under Ashenzari
  5900 | D:5      | Reached XP level 8. HP: 30/46 MP: 11/11
  6754 | D:4      | Reached skill level 4 in Fighting
  6844 | D:6      | Found the amulet of the Four Winds {rN+ Will+++ Clar}
  6893 | D:6      | Noticed a troll
  6936 | D:6      | Reached skill level 5 in Fighting
  7117 | D:6      | Killed a troll
  7230 | D:6      | Reached XP level 9. HP: 54/54 MP: 10/12
  7765 | D:6      | Reached ** piety under Ashenzari
  7979 | D:6      | Identified the +1 leather armour of the Camelopard {+Inv
                  | Will+ Int+5 Stlth-}
  8154 | D:7      | Reached skill level 5 in Evocations
  8190 | D:7      | Noticed Maurice
  8194 | D:7      | Killed Maurice
  8369 | D:7      | Reached skill level 10 in Short Blades
  8699 | D:7      | Reached XP level 10. HP: 59/59 MP: 13/13
  8858 | D:7      | Reached skill level 10 in Dodging
  9131 | D:7      | Reached skill level 1 in Throwing
  9830 | D:8      | Noticed Joseph
  9856 | D:8      | Noticed Maggie
  9873 | D:8      | Noticed Grum
  9875 | D:8      | Noticed a two-headed ogre
  9877 | D:8      | Killed Maggie
 10093 | D:7      | Reached skill level 5 in Throwing
 10164 | D:7      | Killed Grum
 10265 | D:8      | Killed a two-headed ogre
 10448 | D:8      | Found a shadowy altar of Dithmenos.
 10843 | D:8      | Reached *** piety under Ashenzari
 11628 | D:8      | Reached skill level 1 in Armour
 11750 | D:8      | Reached XP level 11. HP: 61/62 MP: 14/14
 11989 | D:8      | Killed Joseph
 12406 | D:9      | Noticed Erica
 12418 | D:9      | Killed Erica
 12419 | D:9      | Reached skill level 5 in Armour
 12691 | D:9      | Found a transporter.
 12961 | D:9      | Found a transporter.
 13278 | D:10     | Entered Level 10 of the Dungeon
 13941 | D:10     | Found a staircase to the Lair.
 13943 | D:10     | Noticed Snorg
 14201 | D:10     | Reached skill level 6 in Fighting
 14286 | D:10     | Found a staircase to the Orcish Mines.
 14318 | D:10     | Found Nompifarr's Weapon Boutique.
 14328 | D:10     | Bought the +3 rapier of Nagou {speed, Fly} for 613 gold
                  | pieces
 14863 | Lair:1   | Entered Level 1 of the Lair of Beasts
 15008 | Lair:1   | Reached XP level 12. HP: 70/70 MP: 15/15
 15341 | Lair:1   | Reached skill level 10 in Stealth
 16709 | Lair:2   | Reached XP level 13. HP: 78/78 MP: 18/18
 17013 | Lair:2   | Found a snail-covered altar of Cheibriados.
 17023 | Lair:2   | Noticed a catoblepas
 17028 | Lair:2   | Killed a catoblepas
 17079 | Lair:2   | Reached skill level 15 in Dodging
 17314 | Lair:2   | Reached skill level 7 in Fighting
 17647 | Lair:2   | Found a hole to the Spider Nest.
 17818 | Lair:2   | Reached skill level 8 in Fighting
 18345 | Lair:2   | Found a staircase to the Shoals.
 18379 | Lair:2   | Reached skill level 9 in Fighting
 19341 | Lair:3   | Reached skill level 10 in Fighting
 19821 | Lair:3   | Noticed a four-headed hydra
 19825 | Lair:3   | Killed a four-headed hydra
 20233 | Lair:3   | Reached XP level 14. HP: 90/90 MP: 19/19
 20577 | Lair:4   | Reached **** piety under Ashenzari
 22421 | Lair:4   | Reached skill level 15 in Short Blades
 23074 | Lair:5   | Entered Level 5 of the Lair of Beasts
 23077 | Lair:5   | Reached skill level 15 in Stealth
 23156 | Lair:5   | Found a staircase to the Slime Pits.
 23481 | Lair:5   | Reached XP level 15. HP: 96/96 MP: 20/20
 23952 | Lair:5   | Found a burning altar of Makhleb.
 24208 | Lair:5   | Found a gateway to Hell.
 26987 | D:12     | Learned a level 3 spell: Confusing Touch
 27076 | D:13     | Found a frozen archway.
 27079 | D:13     | Reached skill level 1 in Hexes
 27086 | IceCv    | Entered an ice cave
 27781 | IceCv    | Reached XP level 16. HP: 84/103 MP: 22/22
 27852 | IceCv    | Reached skill level 5 in Hexes
 27852 | IceCv    | Noticed a frost giant
 27872 | IceCv    | Killed a frost giant
 28424 | D:13     | Identified a scroll of acquirement
 28430 | D:13     | Acquired a +2 pair of boots of stealth
 28563 | D:13     | Found a gate to the Vaults.
 29198 | D:14     | Reached skill level 11 in Fighting
 29658 | D:14     | Reached skill level 12 in Fighting
 29928 | D:14     | Reached ***** piety under Ashenzari
 30420 | D:15     | Entered Level 15 of the Dungeon
 31406 | D:15     | Found a staircase to the Depths.
 31652 | Orc:1    | Entered Level 1 of the Orcish Mines
 31656 | Orc:1    | Found a transporter.
 31665 | Orc:1    | Found a transporter.
 31707 | Orc:1    | Identified the +5 dagger of Doom {venom, rF+ Str+2 SInv
                  | Stlth+}
 31987 | Orc:1    | Identified the amulet "Beinykh" {Acrobat ^Drain +Blink rF+
                  | Int+4}
 32006 | Orc:2    | Entered Level 2 of the Orcish Mines
 32401 | Orc:2    | Found a bloodstained altar of Trog.
 32423 | Orc:2    | Found a staircase to the Elven Halls.
 33022 | Orc:1    | Reached XP level 17. HP: 66/114 MP: 23/23
 34517 | Orc:2    | Reached skill level 10 in Armour
 34556 | Orc:2    | Reached skill level 1 in Shields
 34573 | Orc:2    | Found Sostalan's Armour Shoppe.
 34573 | Orc:2    | Found Meneps's Armour Shop.
 34574 | Orc:2    | Found Bydylaid's Weapon Shop.
 34574 | Orc:2    | Found Taanaita's Jewellery Emporium.
 34748 | Orc:2    | Bought a +5 ring of evasion for 540 gold pieces
 34748 | Orc:2    | Bought a ring of resist corrosion for 300 gold pieces
 34807 | D:10     | Killed Snorg
 34888 | Shoals:1 | Entered Level 1 of the Shoals
 34976 | Shoals:1 | Found a flickering gateway to a bazaar.
 35094 | Bazaar   | Entered a bazaar
 35094 | Bazaar   | Found Weyppodd's Assorted Antiques.
 35094 | Bazaar   | Found Kiuxt's Magic Scroll Boutique.
 35104 | Bazaar   | Found Toits's Magic Scroll Shoppe.
 35118 | Bazaar   | Found Kathilorph's Antique Armour Shop.
 35130 | Bazaar   | Found Sytoapiw's Weapon Shop.
 35138 | Bazaar   | Bought a scroll of teleportation for 33 gold pieces
 35138 | Bazaar   | Bought a scroll of butterflies for 44 gold pieces
 35152 | Bazaar   | Bought a dazzling helmet for 380 gold pieces
 35152 | Bazaar   | Identified the +2 helmet of Dishonour {rPois SInv} (You
                  | bought it in a shop in a bazaar)
 35169 | Bazaar   | Bought a bronze ring for 190 gold pieces
 35173 | Bazaar   | Bought a scroll of blinking for 120 gold pieces
 35173 | Bazaar   | Bought a scroll of fear for 64 gold pieces
 35173 | Bazaar   | Bought a scroll of teleportation for 48 gold pieces
 35173 | Bazaar   | Bought a scroll of fear for 64 gold pieces
 35173 | Bazaar   | Bought a scroll of teleportation for 48 gold pieces
 35173 | Bazaar   | Bought a scroll of fear for 64 gold pieces
 35979 | Shoals:1 | Noticed Jorgrun
 35981 | Shoals:1 | Killed Jorgrun
 36396 | Shoals:2 | Found a runed translucent door.
 36398 | Shoals:2 | Found a runed translucent gate.
 36399 | Shoals:2 | Found a runed translucent gate.
 36400 | Shoals:2 | Found a runed translucent gate.
 36417 | Shoals:2 | Noticed Heezod's ghost (journeyman MiBe)
 36490 | Shoals:2 | Killed Heezod's ghost
 36777 | Shoals:2 | Reached XP level 18. HP: 119/119 MP: 24/24
 37144 | Shoals:2 | Noticed a kraken
 37148 | Shoals:2 | Killed a kraken
 38650 | Shoals:3 | Found Cenumyc's Armour Emporium.
 38916 | Shoals:3 | Bought the +1 cloak "Reox" {rF+ rN+} for 526 gold pieces
 39255 | Shoals:3 | Identified the +7 short sword "Vig Baob" {spect, rC+ Int+2
                  | SInv}
 39357 | Shoals:3 | Identified the +8 falchion of Ointment {freeze, MP+9}
 39512 | Shoals:4 | Entered Level 4 of the Shoals
 39586 | Shoals:4 | Paralysed by an air elemental for 1 turns
 40923 | Shoals:4 | Paralysed by an air elemental for 1 turns
 40930 | Shoals:4 | Paralysed by an air elemental for 1 turns
 40942 | Shoals:4 | Paralysed by an air elemental for 1 turns
 41107 | Shoals:4 | Reached XP level 19. HP: 95/124 MP: 25/25
 41333 | Shoals:4 | Paralysed by an air elemental for 1 turns
 41338 | Shoals:4 | Paralysed by an air elemental for 1 turns
 41362 | Shoals:4 | Reached skill level 13 in Fighting
 41451 | Shoals:4 | Identified the +6 chain mail of the Moon {rC+ Str+2}
 41508 | Shoals:4 | Identified the Codex of Production
 41525 | Shoals:4 | Got a barnacled rune of Zot
 41901 | Orc:1    | Noticed burt's ghost (journeyman DrCj)
 42165 | Orc:1    | Killed burt's ghost
 42300 | Spider:1 | Entered Level 1 of the Spider Nest
 42534 | Spider:1 | Identified the Book of Fire and the Tempest
 42561 | Spider:1 | Reached skill level 14 in Fighting
 44171 | Spider:2 | Reached skill level 15 in Fighting
 45687 | Spider:3 | Reached skill level 16 in Fighting
 46202 | Spider:4 | Entered Level 4 of the Spider Nest
 46633 | Spider:4 | Reached skill level 17 in Fighting
 46962 | Spider:4 | Reached XP level 20. HP: 139/139 MP: 25/25
 47268 | Spider:4 | Reached skill level 18 in Fighting
 47290 | Spider:4 | Got a gossamer rune of Zot
 48648 | Elf:1    | Entered Level 1 of the Elven Halls
 48719 | Elf:1    | Reached skill level 19 in Fighting
 48861 | Elf:1    | Paralysed by an air elemental for 1 turns
 49106 | Elf:1    | Found Suutaeps's Antique Weapon Shoppe.
 49496 | Elf:1    | Identified the amulet of Ceran {RegenMP Will+++ Str+5
                  | Dex-3}
 49854 | Elf:1    | Reached skill level 5 in Shields
 49890 | Elf:1    | Identified the +7 long sword "Fissib" {vamp, Str-3 Int+4
                  | Stlth+}
 50611 | Elf:2    | Found a runed translucent gate.
 50612 | Elf:2    | Found a runed translucent gate.
 50612 | Elf:2    | Found a runed translucent gate.
 50685 | Elf:2    | Acquired the +4 pair of gloves "Bec Hargh" {rC++ Str+2
                  | Dex-3}
 50899 | Elf:2    | Reached XP level 21. HP: 147/147 MP: 26/26
 51717 | Elf:3    | Entered Level 3 of the Elven Halls
 51869 | Elf:3    | Found Ficiack's Armour Shop.
 51984 | Elf:3    | Identified the +2 arbalest "Zugh" {penet, rElec rPois rC+}
 52055 | Elf:3    | Identified the Volume of Hindering Gases
 52068 | Elf:3    | Learned a level 5 spell: Silence
 52114 | Elf:3    | Found a large runed translucent door.
 52114 | Elf:3    | Found a large runed translucent door.
 52119 | Elf:3    | Reached skill level 1 in Air Magic
 52188 | Elf:3    | Noticed brilapsti's ghost (adept TrFi)
 52333 | Elf:3    | Killed brilapsti's ghost
 52964 | Vaults:1 | Entered Level 1 of the Vaults
 53452 | Vaults:1 | Reached skill level 5 in Spellcasting
 53623 | Vaults:1 | Identified the +3 ring mail "Silepius" {Str+3}
 53881 | Vaults:1 | Reached skill level 5 in Air Magic
 54366 | Vaults:1 | Found Amium's Book Emporium.
 54513 | Vaults:2 | Identified the serpent talisman of the Kettle-Drum {SInv}
 54513 | Vaults:2 | Noticed Aizul
 54523 | Vaults:2 | Noticed a bone dragon
 54775 | Vaults:2 | Killed Aizul
 54982 | Vaults:2 | Reached XP level 22. HP: 82/149 MP: 31/31
 55020 | Vaults:2 | Killed a bone dragon
 55102 | Vaults:2 | Found a flickering gateway to a bazaar.
 55109 | Bazaar   | Entered a bazaar
 55328 | Bazaar   | Found Soxal's Magic Scroll Shop.
 55356 | Bazaar   | Found Jahatz's Jewellery Shoppe.
 55365 | Bazaar   | Found Micuoxouth's Assorted Antiques.
 55438 | Bazaar   | Found Sace's Antique Armour Shop.
 55547 | Bazaar   | Bought a scroll of teleportation for 27 gold pieces
 55547 | Bazaar   | Bought a scroll of enchant armour for 67 gold pieces
 55565 | Bazaar   | Bought an agate ring for 125 gold pieces
 55565 | Bazaar   | Bought a potion of mutation for 200 gold pieces
 56148 | Vaults:2 | Found a staircase to the Crypt.
 57361 | Vaults:3 | Found a flickering gateway to a bazaar.
 57371 | Bazaar   | Entered a bazaar
 57390 | Bazaar   | Found Qutoollea's General Store.
 57406 | Bazaar   | Found Xiuloudgh's Antique Weapon Shop.
 57423 | Bazaar   | Found Jum Ecs's Antique Armour Shop.
 57428 | Bazaar   | Bought an ancient helmet for 256 gold pieces
 57428 | Bazaar   | Identified the +2 helmet "Qemo" {rN+ Str+3 Int+3} (You
                  | bought it in a shop in a bazaar)
 57949 | Vaults:3 | Found Ippacw Loday's Weapon Shoppe.
 58403 | Vaults:3 | Found a portal to a secret trove of treasure.
 59073 | Vaults:4 | Reached skill level 20 in Fighting
 59149 | Vaults:4 | Noticed Mennas
 59153 | Vaults:4 | Killed Mennas
 59399 | Vaults:4 | Noticed Zenata
 59405 | Vaults:4 | Reached XP level 23. HP: 147/159 MP: 35/35
 59430 | Vaults:4 | Killed Zenata
 59431 | Vaults:4 | Reached skill level 21 in Fighting
 59545 | Vaults:4 | Found Paph's Antique Armour Emporium.
 60189 | Vaults:4 | Learned a level 4 spell: Cause Fear
 60932 | Elf:3    | Reached skill level 22 in Fighting
 61038 | Elf:3    | Paralysed by an air elemental for 1 turns
 62436 | Elf:3    | Reached skill level 23 in Fighting
 62439 | Elf:3    | Identified the +6 battleaxe "Hicoiniw" {flame, Int+3}
 62440 | Elf:3    | Found the +8 mithril axe "Arga" {speed, Will+}
 62440 | Elf:3    | Identified Ruelann's Vellum of Forceful Toxicology
 62444 | Elf:3    | Identified the +3 rapier "Ufy Qyso" {drain, *Corrode Str+2
                  | Int+2}
 62444 | Elf:3    | Identified the Secrets of Crystallized Coordinates
 62444 | Elf:3    | Identified the ring of Omepa {Fly rElec rF- SInv}
 62452 | Elf:3    | Identified the +3 hand axe "Vytuci" {spect, Stlth+}
 62509 | Elf:3    | Identified the +8 bardiche of the Salmon {heavy, *Rage
                  | rF+++ Dex+3 SInv}
 62526 | Elf:3    | Identified the staff "Beetlebane" {rElec Summ Air}
 62526 | Elf:3    | Identified the +5 orcbow of Senyublu {speed, +Blink rF-
                  | Int+6 SInv}
 62536 | Elf:3    | Identified the Parchment of Unified Arcane Combat
 63514 | Vaults:5 | Entered Level 5 of the Vaults
 63517 | Vaults:5 | Noticed an ancient lich
 63517 | Vaults:5 | Identified the ring "Ziuseu" {rC+ Str+2 Dex+6}
 63655 | Vaults:5 | Identified the +5 morningstar "Ogrebane" {venom, Int+3}
 64014 | Vaults:5 | Identified the +8 great mace "Beetle's Regret" {elec,
                  | Str+3}
 64111 | Vaults:5 | Reached XP level 24. HP: 172/172 MP: 33/35
 64297 | Vaults:5 | Identified the +3 dagger of Biciod {vamp, rCorr Dex+3
                  | Stlth+}
 64364 | Vaults:5 | Identified Sif Muna's Vellum of Algor
 64806 | Vaults:5 | Reached skill level 24 in Fighting
 64888 | Vaults:5 | Noticed an ancient lich
 64890 | Vaults:5 | Killed an ancient lich
 65104 | Vaults:5 | Noticed Sojobo
 65108 | Vaults:5 | Killed Sojobo
 65150 | Vaults:5 | Reached ****** piety under Ashenzari
 65424 | Vaults:5 | Reached skill level 25 in Fighting
 65651 | Vaults:5 | Identified the +3 robe "Forget-Me-Not" {rF++ Str-5 Stlth+}
 65653 | Vaults:5 | Noticed Xtahua
 65658 | Vaults:5 | Killed Xtahua
 65678 | Vaults:5 | Noticed a dread lich
 65817 | Vaults:5 | Killed a dread lich
 65954 | Vaults:5 | Noticed an ancient lich
 65970 | Vaults:5 | Killed an ancient lich
 66392 | Vaults:5 | Reached skill level 10 in Evocations
 66585 | Vaults:5 | Reached XP level 25. HP: 171/187 MP: 35/37
 66791 | Vaults:5 | Killed an ancient lich
 66941 | Vaults:5 | Identified the +10 shortbow of Mastery {drain, rN++}
 67150 | Vaults:5 | Identified the Compendium of Hapless Firn
 67173 | Vaults:5 | Got a silver rune of Zot
 67274 | Vaults:5 | Noticed an ancient lich
 67278 | Vaults:5 | Killed an ancient lich
 67676 | Depths:1 | Entered Level 1 of the Depths
 67718 | Depths:1 | Noticed Nikola
 67723 | Depths:1 | Killed Nikola
 68303 | Depths:1 | Identified the +7 chain mail of Seti {Int+3}
 68358 | Depths:1 | Found Qeni's Book Shoppe.
 68358 | Depths:1 | Found Vyten's Book Shoppe.
 68359 | Depths:1 | Found Libihong's Jewellery Shop.
 68923 | Depths:2 | Found a flickering gateway to a bazaar.
 68929 | Bazaar   | Entered a bazaar
 68951 | Bazaar   | Found Vafoaba's Armour Emporium.
 68951 | Bazaar   | Found Qogrife's Antique Armour Shoppe.
 68973 | Bazaar   | Found Toimiul's Jewellery Emporium.
 69002 | Bazaar   | Found Padub's Distillery.
 69007 | Bazaar   | Bought a potion of heal wounds for 50 gold pieces
 69007 | Bazaar   | Bought a potion of heal wounds for 50 gold pieces
 69007 | Bazaar   | Bought a potion of curing for 30 gold pieces
 69007 | Bazaar   | Bought a potion of haste for 100 gold pieces
 69007 | Bazaar   | Bought a potion of curing for 30 gold pieces
 69007 | Bazaar   | Bought a potion of curing for 30 gold pieces
 69007 | Bazaar   | Bought a potion of might for 40 gold pieces
 69007 | Bazaar   | Bought a potion of cancellation for 80 gold pieces
 69130 | Depths:2 | Identified the +1 robe of Umpoczar {+Blink rElec Int-2
                  | Archmagi}
 69158 | Depths:2 | Found a one-way gate leading to the halls of Pandemonium.
 69214 | Depths:2 | Noticed Norris
 69229 | Depths:2 | Killed Norris
 69376 | Depths:2 | Found a one-way gate to the infinite horrors of the Abyss.
 69534 | Depths:2 | Identified the ring of Nocey {Ice Int+4}
 69534 | Depths:2 | Noticed Josephina
 69561 | Depths:2 | Killed Josephina
 70920 | Depths:3 | Reached XP level 26. HP: 193/193 MP: 37/37
 70938 | Depths:3 | Found a one-way gateway to a ziggurat.
 72416 | Depths:4 | Entered Level 4 of the Depths
 72477 | Depths:4 | Reached skill level 15 in Evocations
 73179 | Depths:4 | Found a gate to the Realm of Zot.
 73431 | Depths:4 | Found Dipt's Distillery.
 73436 | Depths:4 | Bought a potion of curing for 48 gold pieces
 73436 | Depths:4 | Bought a potion of haste for 160 gold pieces
 73436 | Depths:4 | Bought a potion of haste for 160 gold pieces
 73436 | Depths:4 | Bought 2 potions of might for 128 gold pieces
 73436 | Depths:4 | Bought a potion of curing for 48 gold pieces
 73436 | Depths:4 | Bought a potion of might for 64 gold pieces
 73787 | Depths:4 | Found Hamnuo's Book Emporium.
 73791 | Depths:4 | Found Pasaere's Armour Emporium.
 74047 | Zot:1    | Entered Level 1 of the Realm of Zot
 74663 | Zot:1    | Reached XP level 27. HP: 199/199 MP: 33/37
 75396 | Zot:2    | Reached skill level 15 in Armour
 76661 | Zot:3    | Noticed a Killer Klown
 76700 | Zot:3    | Noticed an orb of fire
 76703 | Zot:3    | Killed an orb of fire
 76855 | Zot:3    | Noticed a Killer Klown
 76866 | Zot:3    | Killed a Killer Klown
 76871 | Zot:3    | Noticed a dread lich
 76886 | Zot:3    | Killed a dread lich
 77069 | Zot:3    | Noticed an orb of fire
 77071 | Zot:3    | Gained mutation: Your body sometimes deteriorates upon
                  | taking damage. [an orb of fire]
 77073 | Zot:3    | Gained mutation: You are frail. (-10% HP) [an orb of fire]
 77076 | Zot:3    | Noticed a Killer Klown
 77077 | Zot:3    | Gained mutation: Your spells are a little harder to cast,
                  | but a little more powerful. [an orb of fire]
 77079 | Zot:3    | Gained mutation: You are somewhat resistant to further
                  | mutation. [an orb of fire]
 77082 | Zot:3    | Killed an orb of fire
 77104 | Zot:3    | Killed a Killer Klown
 77115 | Zot:3    | Killed a Killer Klown
 77250 | Zot:3    | Noticed a Killer Klown
 77264 | Zot:3    | Killed a Killer Klown
 78498 | Zot:4    | Noticed a Killer Klown
 78502 | Zot:4    | Killed a Killer Klown
 79360 | Zot:5    | Entered Level 5 of the Realm of Zot
 79369 | Zot:5    | Found a runed translucent door.
 79369 | Zot:5    | Noticed Toelubet's ghost (veteran CeHu)
 79389 | Zot:5    | Killed Toelubet's ghost
 79477 | Zot:5    | Found a snail-covered altar of Cheibriados.
 80335 | Zot:5    | Noticed a dread lich
 80347 | Zot:5    | Killed a dread lich
 80642 | Zot:5    | Noticed an orb of fire
 80791 | Zot:5    | Noticed a Killer Klown
 80807 | Zot:5    | Killed a Killer Klown
 81068 | Zot:5    | Noticed an orb of fire
 81072 | Zot:5    | Killed an orb of fire
 81150 | Zot:5    | Noticed an orb of fire
 81377 | Zot:5    | Noticed an orb of fire
 81379 | Zot:5    | Noticed a Killer Klown
 81381 | Zot:5    | Killed an orb of fire
 81390 | Zot:5    | Killed a Killer Klown
 81456 | Zot:5    | Killed an orb of fire
 81466 | Zot:5    | Killed an orb of fire
 82201 | Zot:5    | Noticed an ancient lich
 82205 | Zot:5    | Killed an ancient lich
 82255 | Zot:5    | Noticed an orb of fire
 82259 | Zot:5    | Killed an orb of fire
 82349 | Zot:5    | Noticed a Killer Klown
 82352 | Zot:5    | Noticed an ancient lich
 82353 | Zot:5    | Killed a Killer Klown
 82357 | Zot:5    | Killed an ancient lich
 82977 | Zot:5    | Noticed an ancient lich
 82981 | Zot:5    | Killed an ancient lich
 83151 | Zot:5    | Got the Orb of Zot
 83467 | D:14     | Noticed Lipo the pandemonium lord
 83683 | D:$      | Escaped with the Orb!

Illustrated notes

Levels and vault maps discovered:
D:1:      evilmike_arrival_crescent, layout_basic,
          shapermc_ecumenical_altar_totnotflames,
          wander_ebering_terrifying_dragon_lair
D:2:      layout_basic, basic_altar
D:3:      layout_loops_ring, serial_shops, nicolae_diamond_shop
D:4:      layout_basic, minmay_temple_entry_junction
D:5:      layout_basic, nicolae_elevator_lobby_asterisk
D:6:      kennysheep_slugbush, layout_rooms, hangedman_decor_push
D:7:      layout_gridville, eino_jars, uniq_maurice
D:8:      layout_loops_ring, mainiacjoe_overflow_alcove_1, serial_aquarium,
          aquarium_bridge_straight [aquarium_subvault_bridge,
          aquarium_subvault_balcony, aquarium_subvault_bridge,
          aquarium_subvault_wall], aquarium_window_corridor_1,
          aquarium_window_fake, aquarium_view_4, aquarium_view_2d,
          aquarium_pool_double, hangedman_decor_growths, uniq_maggie,
          uniq_joseph, uniq_grum
D:9:      layout_cave_pools, nicolae_diode_stairs, uniq_erica
D:10:     layout_grid_maze, hellmonk_lair_entry_icy, orc_david_3, uniq_snorg
D:11:     layout_cave_pools, special_room [special_room_orc]
D:12:     layout_roguey, nicolae_figureground_sparkle
D:13:     layout_loops_corners, david_vaults_5, portal_ice_cave_demonic_guard
D:14:     layout_cave_pools, chequers_hall_statues_wall_a
D:15:     hellmonk_depths_entry_around_the_bend, layout_long_grid,
          skrybe_limestone_x
Temple:   nicolae_temple_panitentiary
Lair:1:   layout_roguey
Lair:2:   layout_regular_city, minmay_shoals_entry_beasts,
          spider_nest_entry_webs, kennysheep_snail_temple
Lair:3:   beargit_carnivore_pack, layout_concentric_octagons,
          grunt_megastairs_3, lemuel_fruit_fields
Lair:4:   layout_roguey, dreamdust_gnoll_shepherd
Lair:5:   evil_forest, layout_misc_corridors, slime_entry_1,
          infiniplex_staircase_pool, serial_bayou_shore_b, lemuel_fruit_fields
Shoals:1: layout_shoals, serial_shops, bzr_entry_gold, uniq_jorgrun
Shoals:2: layout_shoals, ebering_ghost_rock_garden, lightli_airlock
Shoals:3: layout_shoals, serial_shops, nicolae_shop_hallway_stairs
Shoals:4: shoals_end_hellmonk_storm_palace [storm_palace_center_circular,
          storm_palace_corner_narrow, storm_palace_corner_reverse_hut,
          storm_palace_corner_blocked, storm_palace_corner_reverse_hut]
Spider:1: layout_chambers
Spider:2: layout_cave_pods, nicolae_spider_nook
Spider:3: layout_spider_delve, hellmonk_deceptive_appearances
Spider:4: hellmonk_spider_rune_endless_swarm, nicolae_spider_eight_legs
Orc:1:    orc_temple, layout_caves, gammafunk_ghost_berserking_beasts
Orc:2:    st_orc_ogre_mass, layout_caves, basic_altar
Elf:1:    nicolae_elf_arrival_no_cutting_in_line, layout_loops_cross,
          serial_shops, nicolae_square_shop, evilmike_minifort
Elf:2:    nicolae_elf_blades_crystal_corner, layout_geoelf_diagonals,
          grunt_ministairs_3
Elf:3:    minmay_elf_hall_four_x, layout_loops_corners,
          ebering_ghost_disaster_area, serial_shops, shop
Vaults:1: nicolae_vaults_angled_halls, st_lines, ontoclasm_vaults_bender,
          nicolae_vaults_trapezoid_3, nicolae_vaults_variable_pillar_hall,
          v_misc_12, nicolae_vaults_octothorpe, ontoclasm_vaults_ring_large,
          nicolae_vaults_storage_closets_2, nicolae_vaults_double_plus_3,
          nicolae_vaults_little_squares_3, layout_vaults_ring, serial_shops,
          nicolae_diamond_shop
Vaults:2: minmay_crypt_entry_nasty_monster, hangedman_vaults_stagger,
          nicolae_vaults_more_shelving_1, dpeg_vaults_monster_box,
          nicolae_vaults_rhombus_6, vaults_standard_mumra_lines,
          ontoclasm_vaults_tryst, st_star, vaults_room_door_hall,
          nicolae_vaults_closet_pinwheel_4, nicolae_vaults_double_plus_1,
          layout_vaults_maze_snakey, serial_shops, bzr_firewalk, uniq_aizul
Vaults:3: ontoclasm_vaults_decontamination, nicolae_vaults_network_star,
          hangedman_vaults_pinch, ontoclasm_vaults_ring_square, v_alt_pattern_6,
          nicolae_vaults_taking_the_gang_shopping,
          nicolae_vaults_little_squares_6, v_misc_16, nicolae_vaults_house_3,
          nicolae_vaults_prndl, nicolae_vaults_diamond_1,
          layout_vaults_chaotic_city, serial_shops, bzr_entry_customers,
          nicolae_trove_entry_isolated
Vaults:4: nicolae_vaults_tangram_2, v_misc_14, nicolae_vaults_shrinking_rooms_1,
          st_cells, vaults_room_boxed, vaults_room_grunt_arrival_checkpoint,
          nicolae_vaults_network_s, nicolae_vaults_diamond_1,
          hangedman_vaults_restitches, nicolae_vaults_sightless_eye,
          ontoclasm_vaults_ligature, layout_vaults_big_cross, serial_shops,
          shop, uniq_mennas, uniq_zenata
Vaults:5: uniq_xtahua, uniq_sojobo
Depths:1: layout_gridlike, pf_hell_entry_great_geh, amcnicky_mini_pool_small,
          grunt_decor_fettered, nrook_uturn, minmay_three_doors,
          minmay_shop_grove, uniq_nikola
Depths:2: wad_courtyard, layout_basic, hellmouth_1, serial_shops,
          bzr_entry_safe, chequers_serial_rivers_small_3, serial_rivers,
          chequers_serial_rivers_marsh, chequers_serial_rivers_marsh,
          chequers_serial_rivers_large_b, chequers_serial_rivers_room_a,
          hangedman_abyss_entry_splay, rand_demon_pan_entry_4,
          serial_bayou_shore_b, uniq_norris, uniq_josephina
Depths:3: nzn_winding_woodlands_three_and_one [nzn_winding_woodlands_5x15_twine,
          nzn_winding_woodlands_5x15_sidewinder, nzn_winding_woodlands_5x15_eye,
          nzn_winding_woodlands_center_lodge], layout_basic, enter_ziggurat_d,
          hangedman_coc_ice_floe, minmay_room_of_horrors,
          minmay_misc_feat_alley, infiniplex_staircase_door_maze
Depths:4: grunt_zot_entry_tricorne, layout_gridville, hell_entry,
          rand_demon_pan_entry_7, abyss_entry_small_statue_room, serial_shops,
          shop, minmay_misc_feat_hallway, minmay_shop_star, uniq_margery
Zot:1:    layout_gridlike, regret_index_zotdec_misc_clamp
Zot:2:    layout_cellular_growth
Zot:3:    ebering_klown_carousel, layout_gridlike
Zot:4:    layout_cathedral_of_symmetry
Zot:5:    layout_gridlike, basic_altar, hellmonk_ghost_happy_afterlife

Skill      XL: |  1  2  3  4  5  6  7  8  9 10 11 12 13 14 15 16 17 18 19 20 21 22 23 24 25 26 27 |
---------------+----------------------------------------------------------------------------------+-----
Short Blades   | 1 2 4 5 7 8 10 11 12 15 18 20 21 22 23 | 23.1
Fighting       | 1 2 3 5 6 10 12 17 19 20 23 25 | 25.0
Dodging        | 3 5 7 9 12 13 16 17 19 21 | 21.2
Stealth        | 3 5 8 13 16 17 20 | 20.9
Evocations     | 5 10 15 | 15.0
Throwing       | 5 |  5.0
Armour         | 1 5 7 10 12 14 21 | 21.3
Hexes          | 4 6 7 9 |  9.0
Shields        | 1 7 8 |  8.8
Air Magic      | 7 9 |  9.0
Spellcasting   | 6 8 |  8.3
Conjurations   | |  1.0
Alchemy        | |  3.0

Action                     |  1- 3 |  4- 6 |  7- 9 | 10-12 | 13-15 | 16-18 | 19-21 | 22-24 | 25-27 || total
---------------------------+-------+-------+-------+-------+-------+-------+-------+-------+-------++-------
  Melee: Dagger            |    27 |    61 |   373 |   375 |       |       |       |       |       ||   836
         Short sword       |       |    39 |       |   234 |       |       |       |       |       ||   273
         Punch             |       |     3 |     2 |    18 |    42 |    38 |    29 |       |       ||   132
         Rapier            |       |       |       |   466 |  2046 |  2312 |  2074 |  1275 |  1822 ||  9995
  Throw: Dart              |       |       |     2 |    13 |    24 |     8 |    11 |    51 |    30 ||   139
         Throwing net      |       |       |       |       |       |       |       |       |     1 ||     1
   Cast: Sting             |    57 |    77 |    28 |     2 |       |       |       |       |       ||   164
         Confusing Touch   |       |       |       |       |       |    11 |    20 |       |       ||    31
         Silence           |       |       |       |       |       |       |     1 |    99 |    74 ||   174
 Invoke: Curse Item        |       |       |     4 |     3 |     2 |     4 |     3 |     4 |       ||    20
         Shatter the Chain |       |       |       |     2 |       |     4 |     3 |     1 |       ||    10
  Evoke: Wand              |       |       |       |    19 |     3 |     6 |     2 |     2 |     4 ||    36
         Tin of tremorston |       |       |       |       |       |     2 |     3 |       |     2 ||     7
         Phantom mirror    |       |       |       |       |       |       |     1 |     1 |       ||     2
         Lightning rod     |       |       |       |       |       |       |     2 |       |       ||     2
    Use: Scroll            |       |     3 |       |     2 |     1 |     6 |    14 |     6 |     6 ||    38
         Potion            |       |       |     4 |     1 |     1 |     3 |     7 |     3 |     7 ||    26
   Stab: Sleeping          |       |     2 |     8 |    36 |    86 |   130 |   133 |   113 |   168 ||   676
         Distracted        |       |       |     2 |     4 |    11 |    11 |    19 |    11 |    16 ||    74
         Invisible         |       |       |     3 |       |    17 |    14 |       |       |       ||    34
         Betrayed ally     |       |       |       |       |     1 |       |       |       |       ||     1
         Confused          |       |       |       |       |       |    13 |    27 |       |       ||    40
         Held in net/web   |       |       |       |       |       |       |       |       |     1 ||     1
 Armour: Robe              |     4 |    33 |       |       |       |       |       |       |       ||    37
         Leather armour    |       |    13 |   110 |   173 |   243 |   313 |   374 |   232 |   337 ||  1795
  Dodge: Dodged            |    22 |    91 |   174 |   576 |   873 |  1402 |  1841 |   801 |  1506 ||  7286
  Block: Buckler           |       |       |       |       |       |       |   193 |   165 |       ||   358
         Kite shield       |       |       |       |       |       |       |       |   543 |  1847 ||  2390
